Map: Magannatha LE

Players

KimChiLoVer - Winner!

  • Race: Terran Terran
  • League: Diamond
  • Spawn Location: 5:00

JupiterOM

  • Race: Zerg Zerg
  • League: Diamond
  • Spawn Location: 11:00

VOD

Have the link to the VOD?

Description

Time

  • Played on: Sept. 4, 2025, 8:58 p.m.
  • Length: 18:29
Show
View Real Time Build Order
Export as new Build Order

KimChiLoVer Terran - Winner!

Build Orders: Reaper Expand, Hellion Banshee, Mech 

Get SALT Encoding   

  12  0:00  SCV  
  13  0:13  SCV  
  14  0:17  Supply Depot  
  14  0:25  SCV  
  15  0:39  SCV  
  15  0:40  Barracks  
  16  0:44  Refinery  
  16  0:51  SCV  
  17  1:03  SCV  
  18  1:15  SCV  
  19  1:30  Orbital Command  
  19  1:31  Reaper  
  20  1:41  Command Center  
  20  1:52  Supply Depot  
  20  1:56  SCV  
  21  2:03  Marine  
  22  2:12  SCV  
  23  2:16  Factory  
  23  2:22  Barracks Reactor  
  23  2:24  SCV  
  24  2:48  SCV  
  25  2:51  Command Center  
  25  2:53  Refinery  
  25  3:00  Orbital Command, SCV  
  26  3:10  Starport  
  26  3:12  SCV  
  27  3:16  Hellion  
  30  3:20  Hellion  
  30  3:29  Barracks Tech Lab  
  31  3:34  SCV  
  33  3:41  Hellion  
  33  4:01  Hellion  
  28  4:15  Orbital Command  
  26  4:17  Orbital Command  
  26  4:21  Hellion  
  26  4:22  Banshee  
  26  4:23  Hellion  
  33  4:34  SCV  
  33  4:35  Factory x2  
  34  4:46  SCV  
  35  4:56  SCV  
  35  4:58  Refinery, SCV  
  37  5:01  Cloaking Field, Refinery  
  37  5:08  SCV  
  37  5:10  SCV  
  39  5:15  Supply Depot x2  
  39  5:20  SCV  
  40  5:22  SCV  
  40  5:26  Factory Tech Lab  
  40  5:27  Factory Tech Lab  
  41  5:29  Marine  
  41  5:31  SCV  
  41  5:33  SCV  
  41  5:34  SCV  
  45  5:43  SCV  
  45  5:45  SCV  
  45  5:46  SCV  
  46  5:55  SCV  
  43  5:57  SCV  
  44  6:07  Hellion x2, Siege Tank x2  
  44  6:09  SCV  
  43  6:19  Supply Depot  
  43  6:20  Engineering Bay  
  43  6:21  SCV  
  41  6:27  Supply Depot  
  41  6:28  Hyperflight Rotors  
  41  6:30  SCV x2  
  41  6:31  Infernal Pre-Igniter  
  43  6:33  SCV  
  43  6:39  Siege Tank  
  47  6:42  SCV x2  
  47  6:45  SCV  
  50  6:48  Banshee  
  53  6:54  SCV  
  53  6:57  Armory, SCV  
  55  7:08  Missile Turret  
  55  7:09  SCV  
  55  7:13  SCV  
  55  7:15  Missile Turret  
  57  7:16  Missile Turret  
  57  7:19  Command Center  
  57  7:21  SCV  
  58  7:24  Armory  
  58  7:25  SCV  
  58  7:29  Hellion  
  63  7:30  Hellion  
  63  7:31  Siege Tank  
  63  7:32  Siege Tank  
  63  7:33  Banshee  
  63  7:34  SCV  
  63  7:35  SCV  
  74  7:37  SCV  
  74  7:44  Supply Depot, Missile Turret  
  75  7:46  SCV  
  75  7:47  SCV  
  75  7:49  SCV  
  75  7:50  Supply Depot  
  78  7:58  SCV  
  79  8:00  Factory  
  79  8:01  Factory, SCV  
  80  8:13  SCV  
  80  8:18  Banshee  
  84  8:21  Terran Vehicle Weapons Level 1  
  84  8:25  SCV  
  84  8:26  Orbital Command  
  85  8:37  SCV, Refinery  
  85  8:40  Orbital Command, Refinery  
  85  8:41  Missile Turret x2  
  86  8:44  Missile Turret  
  86  8:46  Terran Vehicle And Ship Armor Level 1  
  86  8:48  Factory  
  86  8:50  Factory  
  86  8:51  SCV  
  87  9:02  SCV  
  88  9:04  SCV x2  
  88  9:09  Banshee  
  93  9:11  Factory Tech Lab x2  
  93  9:14  SCV  
  93  9:16  SCV x2  
  96  9:20  SCV  
  97  9:26  SCV  
  97  9:27  Supply Depot  
  97  9:28  Supply Depot, SCV  
  98  9:37  Factory Tech Lab x2, Thor, Missile Turret  
  98  9:38  Thor, SCV  
  110  9:39  Smart Servos  
  110  9:45  Missile Turret x2  
  111  9:46  Missile Turret x2  
  111  9:50  SCV  
  111  9:51  Missile Turret  
  112  9:53  Missile Turret  
  112  10:01  Thor  
  112  10:03  SCV  
  119  10:16  Thor x2  
  119  10:17  Orbital Command, Widow Mine x2  
  135  10:36  Hellion, Widow Mine  
  135  10:42  Supply Depot  
  139  10:43  Supply Depot  
  139  10:47  Supply Depot  
  139  10:49  Refinery  
  139  11:01  Missile Turret, Refinery  
  139  11:03  Thor  
  147  11:04  Hellion  
  147  11:05  Hellion, Missile Turret  
  147  11:06  Hellion x3  
  155  11:22  Thor  
  163  11:25  Widow Mine  
  160  11:53  Siege Tank  
  163  11:59  Siege Tank  
  163  12:11  Hellion, Thor, Siege Tank, Widow Mine  
  163  12:12  Thor x2  
  163  12:13  Terran Vehicle Weapons Level 2  
  163  12:15  Supply Depot  
  179  12:25  Hellion  
  179  12:27  Supply Depot  
  181  12:32  Hellion, Command Center  
  181  12:33  Hellion x2  
  181  12:36  Missile Turret  
  187  12:37  Missile Turret  
  187  12:44  Hellion  
  189  12:46  Siege Tank  
  187  12:53  Hellion  
  187  12:54  Hellion x2  
  187  12:55  Hellion x2, Siege Tank  
  187  12:57  Orbital Command  
  172  13:28  Siege Tank x3  
  172  13:29  Hellion x2, Widow Mine x3  
  172  13:31  Terran Vehicle And Ship Armor Level 2  
  191  13:40  Supply Depot x2  
  191  13:43  Command Center  
  191  13:45  Raven  
  191  13:48  Planetary Fortress  
  193  13:50  Hellion x2  
  193  13:51  Hellion  
  148  14:48  Thor x3  
  148  14:49  Widow Mine x4  
  165  15:02  Widow Mine  
  163  15:10  Widow Mine x2  
  152  15:23  Widow Mine  
  148  15:41  Missile Turret  
  148  15:42  Missile Turret  
  136  15:43  Missile Turret  
  136  15:45  Widow Mine  
  118  15:55  Factory Tech Lab  
  118  15:56  Siege Tank x4  
  130  16:22  Thor  
  130  16:23  Factory Tech Lab  
  136  16:27  Thor  
  136  16:28  Thor  
  140  17:25  Siege Tank x3  
  140  17:26  Hellion x2, Siege Tank  
  156  17:44  Raven  
  158  17:48  Hellion x2  
  162  17:58  Widow Mine x2  
Show
View Real Time Build Order
Export as new Build Order

JupiterOM Zerg 

Build Orders: Hatch First 

Get SALT Encoding   

  12  0:02  Drone  
  13  0:13  Overlord  
  13  0:19  Drone  
  14  0:33  Drone x2  
  16  0:37  Drone  
  17  0:53  Hatchery  
  17  0:55  Drone  
  17  0:57  Drone  
  18  1:10  Extractor  
  17  1:12  Spawning Pool  
  17  1:14  Drone  
  17  1:18  Drone  
  18  1:30  Drone  
  19  1:40  Drone  
  20  1:51  Overlord  
  20  2:05  Queen x2  
  20  2:07  Drone  
  25  2:08  Zergling x2  
  25  2:14  Metabolic Boost  
  26  2:23  Zergling x2  
  26  2:25  Drone  
  26  2:26  Drone  
  26  2:28  Extractor  
  28  2:32  Drone  
  29  2:39  Extractor  
  29  2:40  Drone  
  29  2:41  Drone  
  31  2:52  Drone x2  
  31  2:55  Extractor  
  31  2:56  Queen  
  35  2:58  Hatchery, Overlord  
  34  3:19  Zergling x18  
  44  3:28  Overlord  
  44  3:45  Queen  
  44  4:00  Drone  
  44  4:01  Drone x8  
  51  4:06  Zergling x4  
  51  4:12  Drone x2  
  52  4:21  Extractor  
  52  4:22  Extractor  
  52  4:23  Baneling Nest  
  48  4:32  Drone x2  
  50  4:52  Zergling x14  
  54  4:57  Drone  
  54  4:59  Drone  
  55  5:00  Drone x2  
  55  5:03  Overlord, Lair  
  56  5:10  Queen  
  58  5:21  Overlord  
  58  5:22  Overlord x3  
  58  5:25  Drone x2  
  58  5:26  Evolution Chamber  
  58  5:27  Drone x3, Evolution Chamber  
  61  5:37  Drone x3  
  61  5:38  Drone x2, Extractor  
  55  5:55  Drone x5  
  55  5:56  Drone  
  59  5:57  Drone x2  
  59  5:58  Drone  
  59  6:02  Drone  
  59  6:03  Drone x5  
  67  6:10  Zergling x6  
  69  6:17  Drone  
  67  6:20  Queen  
  67  6:24  Centrifugal Hooks  
  66  6:29  Spire  
  66  6:30  Zerg Melee Weapons Level 1  
  66  6:31  Zerg Ground Armor Level 1  
  65  6:33  Drone  
  65  6:34  Drone x3, Extractor  
  65  6:35  Drone, Extractor  
  65  6:36  Drone  
  69  6:42  Baneling x6  
  69  6:45  Overlord  
  69  7:01  Drone x3  
  72  7:02  Drone x3  
  72  7:05  Drone x3  
  78  7:18  Hatchery  
  77  7:22  Hatchery  
  77  7:23  Overlord  
  77  7:27  Overseer  
  77  7:28  Hatchery  
  77  7:29  Zergling x12  
  84  7:30  Zergling x6  
  84  7:43  Mutalisk x6  
  86  7:47  Overseer  
  96  8:03  Zerg Flyer Weapons Level 1  
  96  8:05  Zergling x2  
  96  8:06  Zergling x28  
  96  8:08  Baneling x8  
  111  8:13  Mutalisk  
  113  8:24  Drone  
  113  8:26  Overlord x5  
  114  8:29  Zerg Melee Weapons Level 2  
  114  8:33  Extractor  
  113  8:34  Extractor  
  113  8:39  Drone  
  113  8:40  Drone x7, Extractor  
  119  8:42  Zerg Ground Armor Level 2  
  119  8:58  Drone  
  119  9:00  Drone  
  119  9:01  Drone x2  
  119  9:02  Drone x3  
  126  9:03  Drone x8  
  126  9:09  Infestation Pit  
  133  9:10  Drone x3  
  133  9:13  Extractor  
  135  9:19  Zergling x10  
  135  9:20  Zergling x4  
  135  9:21  Baneling x10  
  135  9:22  Baneling  
  142  9:33  Baneling x2  
  142  9:34  Baneling  
  142  9:35  Zergling x10  
  147  9:44  Zergling x24  
  159  9:46  Overlord  
  159  9:55  Hive  
  159  10:08  Hydralisk Den  
  159  10:11  Baneling  
  159  10:12  Baneling x7  
  158  10:35  Drone  
  159  10:36  Hatchery  
  159  10:42  Overlord x5  
  158  10:44  Overseer x2  
  158  10:47  Baneling x6  
  158  10:58  Hatchery, Extractor  
  153  11:12  Ultralisk Cavern  
  153  11:16  Drone x13  
  159  11:21  Overseer  
  155  11:26  Mutalisk  
  155  11:27  Mutalisk x7  
  167  11:35  Pneumatized Carapace  
  161  11:42  Overseer  
  158  11:59  Adrenal Glands  
  158  12:11  Drone x2  
  158  12:12  Drone x11  
  158  12:13  Drone x4  
  172  12:28  Baneling x18  
  172  12:29  Zergling x18  
  181  12:33  Grooved Spines, Ultralisk Cavern  
  181  12:35  Overseer  
  181  12:36  Lurker Den, Overseer  
  179  12:42  Drone x3  
  182  12:47  Hydralisk x8  
  190  12:58  Roach Warren  
  190  13:03  Spine Crawler  
  190  13:04  Spine Crawler  
  147  13:23  Muscular Augments  
  146  13:30  Spore Crawler  
  146  13:31  Overseer, Spore Crawler  
  146  13:32  Spore Crawler  
  143  13:38  Zerg Missile Weapons Level 1  
  143  13:40  Roach x15  
  143  13:41  Roach x3  
  185  13:50  Chitinous Plating  
  179  14:08  Ravager  
  179  14:09  Ravager x6  
  186  14:11  Overlord x5  
  182  14:26  Hatchery, Extractor  
  182  14:30  Roach x4  
  182  14:31  Roach x7  
  190  14:41  Roach x6  
  177  14:54  Roach x10  
  169  15:19  Mutalisk  
  169  15:20  Roach x10  
  128  15:31  Unknown, Hydralisk x2  
  128  15:32  Hydralisk x2  
  124  15:40  Roach Warren  
  83  15:51  Hydralisk x5  
  95  15:58  Hydralisk Den  
  71  16:30  Hydralisk x3  
  71  16:31  Hydralisk x6  
  89  16:51  Extractor  
  89  16:52  Drone x3  
  71  17:05  Roach x7  
  79  17:25  Roach x4  
  84  17:37  Roach x2  
  84  17:38  Roach  
  89  17:50  Ravager x4  
  83  17:52  Roach  
  83  17:53  Roach  
Tags
 
Add a new tag
Caveats
  • Supply blocks, unpowered buildings, or Contaminate may cause inaccurate times.
  • Supply counts are checked every 10 seconds.